[Event "Titled Tuesday Blitz January 03 Late 2023"]
[White "Hoffmann, Asa"]
[Black "Cruz Gomez, Miguel Angel"]
[WhiteFideId "2001470"]
[BlackFideId "5137160"]
[WhiteElo "2185"]
[BlackElo "1950"]
[Result "1-0"]
[Round "07"]
[TimeControl "180+2"]
[Date "2023.01.03"]
[WhiteClock "0:00:21"]
[BlackClock "0:00:14"]

1. d4 d5 2. Bg5 Bf5 3. c4 c6 4. Nc3 Nf6 5. e3 Nbd7 6. f4 e6 7. Nf3 Bb4 8. Bd3 Bxd3 9. Qxd3 Qa5 10. O-O Bxc3 11. bxc3 Ne4 12. Rfc1 Qa6 13. a4 Nd6 14. Nd2 Nb6 15. e4 Nbxc4 16. e5 Nxd2 17. Qxd2 Ne4 18. Qe3 h6 19. Bh4 Rg8 20. c4 g5 21. fxg5 hxg5 22. Bg3 Qa5 23. Rf1 Ke7 24. Rab1 b6 25. Be1 Qxa4 26. Bb4+ Ke8 27. Bd6 Qxc4 28. Rfc1 Qa4 29. Ra1 Qb5 30. Rab1 Qa4 31. Ra1 Qb5 32. Rcb1 Qc4 33. Rxb6 axb6 34. Rxa8+ Kd7 35. Rxg8 Qc2 36. h3 g4 37. Rxg4 Qd1+ 38. Kh2 Qf1 39. Rxe4 dxe4 40. Qxe4 b5 41. Bc5 Qc4 42. Qf4 Qd5 43. Qxf7+ Kc8 44. Qf8+ Qd8 45. Qxd8+ Kxd8 46. g4 Ke8 47. g5 Kf7 48. h4 Kg6 49. Kg3 Kh5 50. Kf4 Kg6 51. Kg4 Kh7 52. h5 Kg7 53. g6 Kh6 54. Kh4 Kg7 55. Kg5 Kh8 56. Kf6 Kg8 57. h6 Kh8 58. h7 b4 59. Bf8 b3 60. Bg7# 1-0


[Site "https://www.chess.com"]

[Event "Titled Tuesday Blitz January 03 Late 2023"]
[White "Souza, Gustavo Horokoski De"]
[Black "Jarocka, Liwia"]
[WhiteFideId "2146584"]
[BlackFideId "21807558"]
[WhiteElo "1943"]
[BlackElo "2225"]
[Result "0-1"]
[Round "07"]
[TimeControl "180+2"]
[Date "2023.01.03"]
[WhiteClock "0:00:29"]
[BlackClock "0:01:49"]

1. d4 Nf6 2. c4 e6 3. Nc3 Bb4 4. e3 c5 5. Ne2 O-O 6. a3 cxd4 7. exd4 Be7 8. Nf4 b6 9. Be2 Bb7 10. Bf3 Nc6 11. O-O Na5 12. Bxb7 Nxb7 13. Qf3 Na5 14. Qe2 Rc8 15. c5 Nb3 16. Be3 Nxa1 17. Rxa1 bxc5 18. d5 Bd6 19. Rd1 Bxf4 20. Bxf4 exd5 21. Bg5 Qe8 22. Qf3 Ne4 23. Nxe4 Qxe4 24. Qg3 Rfe8 25. h4 d4 26. Rd2 h6 27. Bxh6 Qg6 28. Qxg6 fxg6 29. f3 gxh6 0-1


[Site "https://www.chess.com"]

[Event "Titled Tuesday Blitz January 03 Late 2023"]
[White "Kostiukov, Alexandr"]
[Black "Clawitter, Craig"]
[WhiteFideId "14108100"]
[BlackFideId "2023105"]
[WhiteElo "2271"]
[BlackElo "2050"]
[Result "1-0"]
[Round "07"]
[TimeControl "180+2"]
[Date "2023.01.03"]
[WhiteClock "0:01:26"]
[BlackClock "0:00:14"]

1. e4 e6 2. g3 d5 3. d3 dxe4 4. dxe4 Qxd1+ 5. Kxd1 e5 6. f3 Nc6 7. Be3 Be6 8. Nd2 O-O-O 9. Bh3 Bxh3 10. Nxh3 f6 11. c3 Rd7 12. Nf2 Nd8 13. Ke2 Ne6 14. Rhd1 Bc5 15. Nc4 Ne7 16. Rxd7 Kxd7 17. Nd3 Bxe3 18. Kxe3 Rd8 19. a4 Nc6 20. b4 Kc8 21. b5 Ne7 22. f4 exf4+ 23. gxf4 Kd7 24. Rg1 Rg8 25. h4 Nc8 26. f5 Nd8 27. Nc5+ Ke7 28. Rd1 Nd6 29. Nxd6 cxd6 30. Nd3 Nf7 31. Nb4 Ne5 32. Nd5+ Kf7 33. b6 a6 34. Nc7 Nc4+ 35. Kf4 Nxb6 36. Rxd6 Nxa4 37. Rd7+ Kf8 38. Ne6+ Ke8 39. Rd8+ Kf7 40. Rd7+ Ke8 41. Rxb7 Nxc3 42. Nxg7+ Kd8 43. Rb8+ 1-0


[Site "https://www.chess.com"]

[Event "Titled Tuesday Blitz January 03 Late 2023"]
[White "Jorajuria Mendoza, Algol"]
[Black "Hernandez Sanchez, Elvis De La Caridad"]
[WhiteFideId "5128897"]
[BlackFideId "6400353"]
[WhiteElo "2069"]
[BlackElo "2243"]
[Result "1/2-1/2"]
[Round "07"]
[TimeControl "180+2"]
[Date "2023.01.03"]
[WhiteClock "0:00:05"]
[BlackClock "0:00:05"]

1. e4 c5 2. Nf3 d6 3. d4 cxd4 4. Nxd4 Nf6 5. Nc3 g6 6. Be3 Bg7 7. Be2 O-O 8. f3 Nc6 9. Qd2 d5 10. exd5 Nxd5 11. Nxc6 bxc6 12. Bd4 e5 13. Bc5 Be6 14. Bxf8 Qxf8 15. O-O Rd8 16. Nxd5 cxd5 17. Qa5 Qe7 18. c3 h5 19. Rad1 Rb8 20. b3 Bh6 21. Rxd5 Be3+ 22. Kh1 Bb6 23. Qb5 Bxd5 24. Qxd5 Rd8 25. Qe4 Qc5 26. Bc4 Kg7 27. h4 f5 28. Qe2 Qe7 29. g3 Kf6 30. Rd1 Rd6 31. Rd5 Rxd5 32. Bxd5 Qc5 33. Qd1 Qxc3 34. Bc4 Bd4 35. Kg2 a5 36. Qe2 Qa1 37. f4 e4 38. Kh3 Qh1+ 39. Qh2 Qf3 40. Qg2 Qg4+ 41. Kh2 Qd1 42. Qf1 Qd2+ 43. Qe2 Qc1 44. Bb5 e3 45. Qf1 Qc5 46. Qc4 Qd6 47. Kg2 Ke7 48. Kf3 Bc5 49. Qd3 Qxd3 50. Bxd3 Kf6 51. Ke2 Ke7 52. Bc4 Kf6 53. Bd5 Ke7 54. Bc4 Kf6 55. Bd5 Bd4 56. Bc4 Bc5 1/2-1/2


[Site "https://www.chess.com"]

[Event "Titled Tuesday Blitz January 03 Late 2023"]
[White "Harish, Neeraj"]
[Black "Ankerst, Mihael"]
[WhiteFideId "30958130"]
[BlackFideId "14602369"]
[WhiteElo "2232"]
[BlackElo "2370"]
[Result "0-1"]
[Round "07"]
[TimeControl "180+2"]
[Date "2023.01.03"]
[WhiteClock "0:00:01"]
[BlackClock "0:01:07"]

1. e4 c5 2. Nf3 Qb6 3. d4 cxd4 4. Nxd4 Nf6 5. Nc3 e5 6. Nf3 Bc5 7. Qe2 O-O 8. g3 d6 9. Bg2 Bd4 10. Nxd4 exd4 11. Nd1 Bg4 12. f3 Be6 13. Bg5 Nbd7 14. O-O d3+ 15. Qe3 dxc2 16. Qxb6 cxd1=Q 17. Qxb7 Qd4+ 18. Kh1 Rfb8 19. Qa6 Rxb2 20. Rad1 Qb6 21. Qxb6 Rxb6 22. f4 Rc8 23. Bxf6 Nxf6 24. e5 dxe5 25. fxe5 Ng4 26. Rf4 Ne3 27. Re1 Nxg2 28. Kxg2 Rb2+ 29. Rf2 Rcc2 30. Rf1 Rxa2 0-1


[Site "https://www.chess.com"]

[Event "Titled Tuesday Blitz January 03 Late 2023"]
[White "Alexikov, Alexander"]
[Black "Schill, William"]
[WhiteFideId "14103958"]
[BlackFideId "2016710"]
[WhiteElo "2209"]
[BlackElo "2147"]
[Result "1-0"]
[Round "07"]
[TimeControl "180+2"]
[Date "2023.01.03"]
[WhiteClock "0:00:51"]
[BlackClock "0:00:08"]

1. e4 c5 2. Nf3 Nc6 3. Bb5 Nf6 4. e5 Ng4 5. Bxc6 dxc6 6. Qe2 g6 7. d3 Nh6 8. O-O Nf5 9. c3 Bg7 10. h3 h5 11. Bf4 O-O 12. Nbd2 b6 13. Rad1 a5 14. a4 Ba6 15. Nc4 Bxc4 16. dxc4 Qc8 17. e6 Qxe6 18. Qxe6 fxe6 19. Ng5 Nd6 20. Bxd6 exd6 21. Rxd6 Rfd8 22. Rfd1 Rxd6 23. Rxd6 Bh6 24. Nf3 Bc1 25. b3 Bb2 26. Rxc6 Bxc3 27. Rxe6 Kg7 28. Rxb6 Rd8 29. Kf1 Rd1+ 30. Ke2 Rb1 31. Ke3 Bb4 32. Kf4 Rxb3 33. Kg5 Bd2+ 34. Nxd2 Rxb6 35. Ne4 Re6 36. Kf4 Rc6 37. Ke5 Kf7 38. Kd5 Rc8 39. Nd6+ 1-0


[Site "https://www.chess.com"]

[Event "Titled Tuesday Blitz January 03 Late 2023"]
[White "Savic, Miroslav"]
[Black "Slavin, Alexey"]
[WhiteFideId "14508494"]
[BlackFideId "24104388"]
[WhiteElo "2167"]
[BlackElo "2364"]
[Result "1-0"]
[Round "07"]
[TimeControl "180+2"]
[Date "2023.01.03"]
[WhiteClock "0:00:14"]
[BlackClock "0:00:53"]

1. Nf3 Nc6 2. d4 d6 3. c4 Nf6 4. d5 Ne5 5. Nxe5 dxe5 6. Nc3 e6 7. e4 exd5 8. cxd5 a6 9. Bg5 h6 10. Bxf6 Qxf6 11. Qa4+ Bd7 12. Bb5 Qd6 13. Bxd7+ Qxd7 14. Qxd7+ Kxd7 15. Ke2 Bd6 16. Rac1 g6 17. b3 f5 18. f3 f4 19. Na4 b6 20. Rc6 g5 21. h3 h5 22. Nb2 b5 23. Nd3 a5 24. Rhc1 g4 25. Nc5+ Ke7 26. Nb7 gxf3+ 27. gxf3 Rhg8 28. Nxd6 cxd6 29. Rc7+ Kf6 30. R1c6 Rg2+ 31. Kd3 Rxa2 32. h4 Rd8 33. Rh7 Kg6 34. Re7 a4 35. Rcc7 Rg8 36. Re6# 1-0


[Site "https://www.chess.com"]

[Event "Titled Tuesday Blitz January 03 Late 2023"]
[White "Vargas, Mauricio"]
[Black "Jenkins, Drake"]
[WhiteFideId "4404572"]
[BlackFideId "2022397"]
[WhiteElo "2035"]
[BlackElo "2130"]
[Result "0-1"]
[Round "07"]
[TimeControl "180+2"]
[Date "2023.01.03"]
[WhiteClock "0:00:03"]
[BlackClock "0:01:56"]

1. e4 c5 2. Nc3 g6 3. f4 Bg7 4. Nf3 e6 5. d3 Nc6 6. g3 Nge7 7. Bg2 d5 8. e5 O-O 9. O-O Rb8 10. g4 b5 11. Ne2 f6 12. c3 fxe5 13. fxe5 Nxe5 14. Qe1 Nxd3 15. Qh4 Nxc1 16. Raxc1 Nc6 17. Qh3 e5 18. Rce1 Be6 19. Qg3 e4 20. Nd2 Be5 21. Qf2 Rxf2 22. Rxf2 e3 0-1


[Site "https://www.chess.com"]

[Event "Titled Tuesday Blitz January 03 Late 2023"]
[White "Sabar, Ethmane Daouda"]
[Black "Desideri, Ricardo Maruchi"]
[WhiteFideId "19600097"]
[BlackFideId "2110440"]
[WhiteElo "2040"]
[BlackElo "1959"]
[Result "0-1"]
[Round "07"]
[TimeControl "180+2"]
[Date "2023.01.03"]
[WhiteClock "0:00:01"]
[BlackClock "0:00:11"]

1. d4 Nf6 2. Nc3 c5 3. d5 e6 4. e4 d6 5. Nf3 Be7 6. Bb5+ Bd7 7. dxe6 fxe6 8. Ng5 O-O 9. Bc4 Qc8 10. e5 dxe5 11. O-O h6 12. Nge4 Bc6 13. Nd6 Qd7 14. Ndb5 Nd5 15. Bxd5 exd5 16. Na3 d4 17. Ne2 b5 18. c4 b4 19. Nc2 d3 20. Ng3 dxc2 21. Qxc2 Na6 22. Be3 Rad8 23. Rad1 Qe6 24. Ne4 Bxe4 25. Qxe4 Qf5 26. Qc6 Rf6 27. Rxd8+ Bxd8 28. Qa8 Qd7 29. b3 Kh7 30. Qe4+ Qf5 31. Qb7 Bb6 0-1


[Site "https://www.chess.com"]

[Event "Titled Tuesday Blitz January 03 Late 2023"]
[White "Sariego Figueredo, Wilfredo"]
[Black "Dias, Joao Batista"]
[WhiteFideId "3500080"]
[BlackFideId "2108240"]
[WhiteElo "2318"]
[BlackElo "1796"]
[Result "1-0"]
[Round "07"]
[TimeControl "180+2"]
[Date "2023.01.03"]
[WhiteClock "0:01:17"]
[BlackClock "0:01:20"]

1. d4 d5 2. Bf4 c6 3. e3 Nf6 4. Bd3 g6 5. c3 Bg7 6. Nd2 O-O 7. Ngf3 Nbd7 8. h4 h5 9. Ne5 Nxe5 10. Bxe5 Ng4 11. Bxg7 Kxg7 12. Nf3 f5 13. Ng5 e5 14. dxe5 Nxe5 15. Be2 Qf6 16. Qc2 Bd7 17. O-O-O b5 18. Rd4 a5 19. Rhd1 a4 20. a3 Be6 21. g3 Rfc8 22. Kb1 Rab8 23. Ka1 Bg8 24. f4 Nc4 25. Bxc4 bxc4 26. Qxa4 Rb6 27. Qa7+ Kh6 28. Qxb6 Re8 29. R4d2 Rxe3 30. Qxe3 1-0


[Site "https://www.chess.com"]

[Event "Titled Tuesday Blitz January 03 Late 2023"]
[White "Oliveira, Tiago Batista"]
[Black "Foerster-Yialamas, Lucas"]
[WhiteFideId "2108291"]
[BlackFideId "30901774"]
[WhiteElo "1991"]
[BlackElo "2151"]
[Result "0-1"]
[Round "07"]
[TimeControl "180+2"]
[Date "2023.01.03"]
[WhiteClock "0:00:02"]
[BlackClock "0:00:05"]

1. d4 d5 2. c4 e6 3. Nf3 Nf6 4. g3 c5 5. cxd5 exd5 6. Bg2 Nc6 7. O-O Bg4 8. dxc5 Bxc5 9. Bg5 O-O 10. Nc3 d4 11. Ne4 Be7 12. Nxf6+ Bxf6 13. Bxf6 Qxf6 14. Qb3 b6 15. Rac1 Na5 16. Qa4 Bxf3 17. Bxf3 Rac8 18. b4 Nc4 19. Qxa7 Nd2 20. Rxc8 Rxc8 21. Bg4 Rd8 22. Rd1 Ne4 23. Bf3 Nc3 24. Rd3 g6 25. Kg2 Qd6 26. a3 Nb5 27. Qa6 Nc7 28. Qc4 b5 29. Qb3 Ne6 30. e3 Qe5 31. exd4 Nxd4 32. Qd1 Rd6 33. Re3 Qf6 34. Re8+ Kg7 35. Be4 g5 36. Qa1 h5 37. Qc3 h4 38. Qc5 Nb3 39. Qe5 Qxe5 40. Rxe5 Nd2 41. Bf3 Nxf3 42. Kxf3 Rd3+ 43. Kg4 hxg3 44. Rxg5+ Kf6 45. hxg3 Rxa3 46. Rxb5 Ra2 47. f4 Rb2 48. Rb6+ Kg7 49. b5 Rb3 50. Rb7 Kg6 51. b6 Rb4 52. Rb8 Rb5 53. b7 Kg7 54. f5 Rb3 55. Kf4 Rb5 56. g4 f6 57. g5 fxg5+ 58. Kxg5 Rb1 59. f6+ Kh7 60. Kf5 Rf1+ 61. Ke6 Re1+ 62. Kf7 Rb1 63. Kf8 Rb2 64. f7 Rb3 65. Ke7 Re3+ 66. Kf6 Rd3 0-1


[Site "https://www.chess.com"]

[Event "Titled Tuesday Blitz January 03 Late 2023"]
[White "Gardezi, Arsal"]
[Black "Marcolino, Daniel Mattos"]
[WhiteFideId "30949521"]
[BlackFideId "2106841"]
[WhiteElo "2093"]
[BlackElo "2006"]
[Result "1-0"]
[Round "07"]
[TimeControl "180+2"]
[Date "2023.01.03"]
[WhiteClock "0:00:56"]
[BlackClock "0:00:09"]

1. Nf3 d5 2. d4 Nf6 3. Bf4 c5 4. c3 Nc6 5. e3 Qb6 6. Qc1 Bf5 7. Nbd2 e6 8. Be2 h6 9. O-O Rc8 10. Nb3 cxd4 11. Nfxd4 Bg6 12. Nxc6 bxc6 13. c4 Be7 14. cxd5 exd5 15. Rd1 O-O 16. h3 Ne4 17. Bg4 f5 18. Bf3 Bf6 19. Bxe4 fxe4 20. Nc5 Rfd8 21. Rb1 Bh5 22. g4 Bf7 23. b4 Qb5 24. a4 Qe2 25. Rd2 Qf3 26. Qf1 h5 27. g5 Bc3 28. Rc2 Bf6 29. gxf6 gxf6 30. Qg2+ Kh7 31. Qxf3 exf3 32. Kh2 Re8 33. Rg1 Bg6 34. Rd2 Bf5 35. Nb7 a6 36. Nd6 Red8 37. Nxf5 Rb8 38. Rg7+ 1-0


[Site "https://www.chess.com"]

[Event "Titled Tuesday Blitz January 03 Late 2023"]
[White "Guevara Sanchez, Erick Marvin"]
[Black "Kho, Darrell"]
[WhiteFideId "6700136"]
[BlackFideId "1019317"]
[WhiteElo "2073"]
[BlackElo "2075"]
[Result "1-0"]
[Round "07"]
[TimeControl "180+2"]
[Date "2023.01.03"]
[WhiteClock "0:00:03"]
[BlackClock "0:00:05"]

1. e4 e6 2. d4 d5 3. Nc3 Be7 4. e5 c5 5. Nf3 Nc6 6. Ne2 cxd4 7. Nexd4 Qc7 8. Nxc6 bxc6 9. c4 Ba6 10. cxd5 Bxf1 11. d6 Qa5+ 12. Bd2 Qb5 13. Rxf1 Bd8 14. Bc3 Nh6 15. d7+ Kf8 16. Qd6+ Kg8 17. Bb4 Ba5 18. a3 Nf5 19. Qd2 Bxb4 20. Qxb4 Rd8 21. O-O-O h6 22. Rfe1 Kh7 23. Kb1 Rb8 24. Qxb5 cxb5 25. h3 Rhd8 26. Rd2 Ne7 27. Red1 Nd5 28. Rxd5 exd5 29. Rxd5 Rb7 30. Nd4 Rdxd7 31. Rxd7 Rxd7 32. Nxb5 Rd2 33. Nxa7 Rxf2 34. Nc6 Rxg2 35. a4 Rg1+ 36. Ka2 Rc1 37. Nb4 Kg6 38. a5 Kf5 39. a6 Rc8 40. Nd5 Kxe5 41. Nb6 Rc6 42. a7 Rxb6 43. a8=Q 1-0


[Site "https://www.chess.com"]

[Event "Titled Tuesday Blitz January 03 Late 2023"]
[White "Kollars, Dmitrij"]
[Black "Keymer, Vincent"]
[WhiteFideId "12909572"]
[BlackFideId "12940690"]
[WhiteElo "2607"]
[BlackElo "2700"]
[Result "1/2-1/2"]
[Round "08"]
[TimeControl "180+2"]
[Date "2023.01.03"]
[WhiteClock "0:00:06"]
[BlackClock "0:00:08"]

1. e4 c6 2. d4 d5 3. e5 Bf5 4. Nf3 e6 5. Be2 c5 6. Be3 Qb6 7. Nc3 Nc6 8. O-O Qxb2 9. Qe1 cxd4 10. Bxd4 Nxd4 11. Nxd4 Bb4 12. Rb1 Bxc3 13. Rxb2 Bxe1 14. Rxe1 b6 15. Nxf5 exf5 16. c4 Ne7 17. Rd1 Rd8 18. Rbd2 d4 19. Rxd4 Rxd4 20. Rxd4 Nc6 21. Rd5 Ke7 22. f4 Rc8 23. Kf2 Na5 24. Rd4 Nc6 25. Rd5 Na5 26. Rd4 Nb7 27. Bf3 Nc5 28. Bd5 Ne6 29. Bxe6 fxe6 30. Ke3 Rc5 31. a3 h6 32. h4 g5 33. hxg5 hxg5 34. g3 g4 35. Kd2 Ra5 36. Rd3 Rc5 37. Kc3 Rc8 38. Kb4 Rc5 39. Rd1 Rc7 40. Rh1 Kd7 41. Kb5 Rc5+ 42. Kb4 Rc7 43. Rh6 a6 44. a4 Rc5 45. Rh7+ Kc8 46. Re7 a5+ 47. Kb3 Rc6 48. Kc3 Kd8 49. Rf7 Rc7 50. Rf8+ Kd7 51. Rb8 Kc6 52. Rd8 Re7 53. Rd6+ Kc7 54. Kd4 Rd7 55. Rxd7+ Kxd7 56. c5 Kc6 57. cxb6 Kxb6 58. Kc4 Kc6 59. Kd4 Kb6 60. Kc4 Kc6 61. Kd4 Kb6 1/2-1/2


[Site "https://www.chess.com"]

[Event "Titled Tuesday Blitz January 03 Late 2023"]
[White "Vachier-Lagrave, Maxime"]
[Black "Zierk, Steven"]
[WhiteFideId "623539"]
[BlackFideId "2034255"]
[WhiteElo "2742"]
[BlackElo "2488"]
[Result "1-0"]
[Round "08"]
[TimeControl "180+2"]
[Date "2023.01.03"]
[WhiteClock "0:00:14"]
[BlackClock "0:00:02"]

1. d4 d5 2. c4 dxc4 3. e4 Nf6 4. e5 Nd5 5. Bxc4 Nc6 6. Ne2 Bf5 7. Nbc3 Nb6 8. Bb3 e6 9. O-O Qd7 10. Be3 Nb4 11. Qd2 N4d5 12. Ng3 Bg6 13. Nce4 O-O-O 14. Rfc1 Kb8 15. Nc5 Bxc5 16. dxc5 Nxe3 17. Qxe3 Nd5 18. Qd4 c6 19. Re1 Qc7 20. a3 Ne7 21. Qf4 Qa5 22. Rac1 Qd2 23. Qh4 Nd5 24. Bxd5 Rxd5 25. b4 Rxe5 26. Red1 Qg5 27. Qd4 Rd5 28. Qxg7 Rhd8 29. Qa1 h5 30. Nf1 h4 31. Ne3 h3 32. g3 Rxd1+ 33. Rxd1 Rxd1+ 34. Qxd1 a5 35. Qd4 axb4 36. axb4 Qe7 37. f4 Ka7 38. Nc4 Bh5 39. Qa1+ Kb8 40. Qh8+ Ka7 41. Qxh5 Qd8 42. Nd6 Qf6 43. Qe5 Qg6 44. Qa1+ Kb8 45. f5 Qg4 46. fxe6 Qxb4 47. Qh8+ Ka7 48. Nc8+ Ka6 49. Qa1+ Kb5 50. Nd6+ Kxc5 51. exf7 Qb3 52. f8=Q Qf3 53. Qxf3 1-0


[Site "https://www.chess.com"]

[Event "Titled Tuesday Blitz January 03 Late 2023"]
[White "Holt, Conrad"]
[Black "Xiong, Jeffery"]
[WhiteFideId "2034387"]
[BlackFideId "2047640"]
[WhiteElo "2540"]
[BlackElo "2692"]
[Result "0-1"]
[Round "08"]
[TimeControl "180+2"]
[Date "2023.01.03"]
[WhiteClock "0:00:05"]
[BlackClock "0:00:57"]

1. d4 g6 2. c4 Bg7 3. Nf3 d6 4. e4 e5 5. Nc3 Nc6 6. dxe5 dxe5 7. Qxd8+ Kxd8 8. Bg5+ f6 9. O-O-O+ Bd7 10. Be3 Kc8 11. h3 Bh6 12. Bxh6 Nxh6 13. Nd5 Rf8 14. c5 a5 15. a4 Ng8 16. Bb5 Nb8 17. Rd2 Bxb5 18. axb5 Nd7 19. Rc2 c6 20. Nb6+ Nxb6 21. cxb6 Ne7 22. Rd1 Rd8 23. Nd2 Rd4 24. Nc4 Kd7 25. Na3 a4 26. Rc4 Rxd1+ 27. Kxd1 Ra5 28. Kd2 Kd6 29. Kc3 c5 30. Kd3 Nc8 31. Rc1 Nxb6 32. Rd1 Ke6 33. Kc3 Nc8 0-1


[Site "https://www.chess.com"]

[Event "Titled Tuesday Blitz January 03 Late 2023"]
[White "Kobalia, Mikhail"]
[Black "Dardha, Daniel"]
[WhiteFideId "4119150"]
[BlackFideId "240990"]
[WhiteElo "2578"]
[BlackElo "2631"]
[Result "0-1"]
[Round "08"]
[TimeControl "180+2"]
[Date "2023.01.03"]
[WhiteClock "0:00:01"]
[BlackClock "0:00:25"]

1. e4 e5 2. Nf3 Nc6 3. Bb5 Nf6 4. d3 d6 5. O-O a6 6. Bxc6+ bxc6 7. Re1 a5 8. c3 Be7 9. d4 Nd7 10. Nbd2 Ba6 11. Nf1 O-O 12. Ng3 Re8 13. dxe5 dxe5 14. Nf5 Bf8 15. Bg5 f6 16. Qb3+ Kh8 17. Be3 Nb6 18. Rad1 Qb8 19. Qf7 Bc4 20. Qh5 g6 21. Qh4 gxf5 22. Qxf6+ Bg7 23. Qxf5 Qc8 24. Qh5 Bg8 25. Nh4 Qe6 26. Nf5 Qg6 27. Qf3 Be6 28. Bxb6 cxb6 29. Rd6 Qg5 30. Rxc6 Rad8 31. Rxb6 Rd2 32. h4 Qf4 33. Qxf4 exf4 34. Nxg7 Kxg7 35. Ra6 Rxb2 36. Rxa5 Rd8 37. Rg5+ Kf7 38. e5 Rdd2 39. Rf1 Bc4 0-1


[Site "https://www.chess.com"]

[Event "Titled Tuesday Blitz January 03 Late 2023"]
[White "Jacobson, Brandon"]
[Black "Yanchenko, Roman"]
[WhiteFideId "30901561"]
[BlackFideId "4137329"]
[WhiteElo "2556"]
[BlackElo "2466"]
[Result "1-0"]
[Round "08"]
[TimeControl "180+2"]
[Date "2023.01.03"]
[WhiteClock "0:00:15"]
[BlackClock "0:00:29"]

1. d4 d5 2. c4 c6 3. Nf3 Nf6 4. e3 Bf5 5. Nc3 e6 6. Nh4 Be4 7. f3 Bg6 8. Qb3 Qb6 9. Nxg6 hxg6 10. Bd2 Nbd7 11. O-O-O Qxb3 12. axb3 Bb4 13. Kc2 a5 14. Bd3 dxc4 15. bxc4 e5 16. Be1 O-O 17. g4 Rfe8 18. h4 Rad8 19. h5 gxh5 20. gxh5 exd4 21. exd4 c5 22. d5 Ne5 23. Be2 Neg4 24. fxg4 Bxc3 25. Bxc3 Rxe2+ 26. Kb3 Ne4 27. Bxa5 b6 28. Rhe1 Rxe1 29. Bxe1 Nf6 30. Bh4 Rd6 31. Bxf6 gxf6 32. Ka4 f5 33. gxf5 Kf8 34. b4 cxb4 35. Kxb4 Ke7 36. Rh1 Rh6 37. c5 bxc5+ 38. Kxc5 Kd7 39. f6 Kc7 40. d6+ Kd7 41. Rh2 Kd8 42. Kc6 Kc8 43. Ra2 Kb8 44. Rb2+ Ka7 45. d7 1-0


[Site "https://www.chess.com"]

[Event "Titled Tuesday Blitz January 03 Late 2023"]
[White "Lenderman, Aleksandr"]
[Black "Domingo Nunez, Alejandro"]
[WhiteFideId "2021285"]
[BlackFideId "22245561"]
[WhiteElo "2572"]
[BlackElo "2338"]
[Result "1-0"]
[Round "08"]
[TimeControl "180+2"]
[Date "2023.01.03"]
[WhiteClock "0:00:27"]
[BlackClock "0:00:01"]

1. Nf3 Nf6 2. c4 g6 3. Nc3 Bg7 4. e4 d6 5. d4 O-O 6. Be2 e5 7. O-O Nc6 8. Be3 exd4 9. Nxd4 Re8 10. f3 Nh5 11. Nxc6 bxc6 12. Qd2 Be6 13. Rae1 c5 14. b3 f5 15. exf5 Bxf5 16. Nd5 c6 17. Bg5 Qd7 18. Ne3 Bd4 19. Kh1 Qg7 20. g4 h6 21. Nxf5 gxf5 22. Bxh6 Bc3 23. Qc1 Qd4 24. Rd1 Qf6 25. Bd3 Bb2 26. Qg5+ Qxg5 27. Bxg5 Ng7 28. gxf5 Re5 29. Bf6 Nh5 30. Bxe5 Bxe5 31. Rg1+ Kf7 32. Rg4 Rh8 33. Rh4 Bf6 34. Rh3 Kg7 35. Rg1+ Kf7 36. Be4 Bd4 37. Rg5 Nf4 38. Rxh8 Bxh8 39. Bxc6 Kf6 40. Rg8 Bg7 41. Be4 Bh6 42. Re8 Bg5 43. Ra8 Ke5 44. Rxa7 Kd4 45. Rg7 Bf6 46. Rg4 Ke3 47. h4 Nh3 48. Kg2 Nf4+ 49. Kf1 Ne2 50. h5 Be5 51. h6 Ng3+ 52. Kg2 Nh5 53. h7 Nf4+ 54. Kf1 Ne2 55. Rg8 Kf4 56. Kxe2 1-0


[Site "https://www.chess.com"]

[Event "Titled Tuesday Blitz January 03 Late 2023"]
[White "Kuznetsov, Felix"]
[Black "Nakamura, Hikaru"]
[WhiteFideId "34147990"]
[BlackFideId "2016192"]
[WhiteElo "2254"]
[BlackElo "2775"]
[Result "1-0"]
[Round "08"]
[TimeControl "180+2"]
[Date "2023.01.03"]
[WhiteClock "0:00:06"]
[BlackClock "0:00:03"]

1. e4 c6 2. d4 d5 3. exd5 Qxd5 4. Nf3 Nf6 5. c4 Qa5+ 6. Nc3 g6 7. Bd3 Bg4 8. O-O Bg7 9. h3 Bxf3 10. Qxf3 O-O 11. Be3 Nbd7 12. Rfe1 Rfe8 13. Bf4 e5 14. dxe5 Nxe5 15. Bxe5 Rxe5 16. Rxe5 Qxe5 17. Qe2 Qc7 18. Rd1 Nh5 19. Qf3 Bxc3 20. bxc3 Nf4 21. Be4 Ne6 22. Qf6 Re8 23. h4 Qe7 24. Qxe7 Rxe7 25. g3 Nc5 26. Bf3 h5 27. Rd8+ Kg7 28. Kg2 Na4 29. Rd3 Kf8 30. Bd1 Nc5 31. Rd8+ Kg7 32. Kf3 Re1 33. Rd2 a5 34. Bc2 Kf6 35. Re2 Rg1 36. Rd2 Ke5 37. Re2+ Kd6 38. Rd2+ Ke7 39. Re2+ Kf6 40. Rd2 Ra1 41. Bd1 Rc1 42. Bc2 Ke7 43. Re2+ Kd6 44. Rd2+ Kc7 45. Kf4 Nd7 46. Kg5 Ne5 47. Re2 Nxc4 48. Bb3 Rxc3 49. Re7+ Kb8 50. Rxf7 Ne5 51. Rf8+ Kc7 52. Kh6 b5 53. f4 Ng4+ 54. Kxg6 Rxg3 55. Kxh5 Kd6 56. Bd1 Ke7 57. Ra8 Nf6+ 58. Kh6 a4 59. h5 Ke6 60. Rc8 Kd6 61. Rf8 Nd5 62. Kh7 Nc3 63. Bc2 Nxa2 64. Bg6 Nb4 65. Kg7 a3 66. h6 Rh3 67. h7 a2 68. Ra8 c5 69. h8=Q Rxh8 70. Kxh8 c4 71. f5 Ke5 72. Kg7 Nd5 73. Rxa2 b4 74. Re2+ Kd4 75. f6 Nf4 76. Re4+ 1-0


[Site "https://www.chess.com"]

[Event "Titled Tuesday Blitz January 03 Late 2023"]
[White "Carlsen, Magnus"]
[Black "Kamsky, Gata"]
[WhiteFideId "1503014"]
[BlackFideId "2000024"]
[WhiteElo "2853"]
[BlackElo "2665"]
[Result "1-0"]
[Round "08"]
[TimeControl "180+2"]
[Date "2023.01.03"]
[WhiteClock "0:00:23"]
[BlackClock "0:00:03"]

1. b3 d5 2. Bb2 Bf5 3. Nf3 e6 4. g3 Nf6 5. d3 h6 6. Nbd2 a5 7. a3 Nbd7 8. Bg2 Bh7 9. O-O Bc5 10. e4 dxe4 11. dxe4 O-O 12. Qe2 Qe7 13. Ne1 e5 14. Nd3 Bd4 15. Bxd4 exd4 16. a4 Nd5 17. Rfe1 Nc3 18. Qf1 Rad8 19. Nc4 b6 20. f3 Rfe8 21. Qf2 Nc5 22. Bf1 f6 23. Nf4 Kh8 24. h4 g5 25. Nd5 Qf7 26. Nxc3 dxc3 27. hxg5 fxg5 28. Rad1 Qf6 29. Ne3 c6 30. Ng4 Qg7 31. Qe3 h5 32. Nf2 g4 33. Rxd8 Rxd8 34. fxg4 hxg4 35. Be2 Rd2 36. Rd1 Rxd1+ 37. Bxd1 Qd7 38. Qxc3+ Kg8 39. Bxg4 Qd6 40. Bf5 Bxf5 41. exf5 1-0


[Site "https://www.chess.com"]

[Event "Titled Tuesday Blitz January 03 Late 2023"]
[White "Zhigalko, Sergei"]
[Black "Naroditsky, Daniel"]
[WhiteFideId "13502956"]
[BlackFideId "2026961"]
[WhiteElo "2572"]
[BlackElo "2618"]
[Result "0-1"]
[Round "08"]
[TimeControl "180+2"]
[Date "2023.01.03"]
[WhiteClock "0:00:01"]
[BlackClock "0:01:00"]

1. e4 e5 2. Nf3 Nc6 3. Bc4 Nf6 4. d3 h6 5. Nc3 Bc5 6. Be3 Bb6 7. O-O d6 8. h3 O-O 9. Nd5 Nxd5 10. Bxd5 Ne7 11. Bb3 Ng6 12. d4 Qf6 13. c3 Nf4 14. Re1 Be6 15. Bxf4 Qxf4 16. a4 a5 17. Bxe6 fxe6 18. Qd3 Rf6 19. Rad1 Raf8 20. Kh1 g5 21. Nh2 Rg6 22. Re2 h5 23. dxe5 Qxe5 24. Nf3 Qg7 25. e5 d5 26. Nd4 g4 27. h4 g3 28. Rdd2 Rf4 29. fxg3 Rxg3 30. Re3 Rxh4+ 31. Kg1 Rxe3 32. Qxe3 Re4 33. Qf3 Qxe5 34. Rf2 Re1+ 35. Rf1 Bxd4+ 36. cxd4 Qxd4+ 37. Kh2 Qe5+ 38. Kg1 Qd4+ 39. Kh2 Rxf1 40. Qxf1 Qxb2 41. Qf4 Qg7 42. g3 b6 43. Qf3 Qg6 44. Qe2 d4 45. Qe5 Qc2+ 46. Kg1 Qc1+ 47. Kh2 Qd2+ 48. Kh3 Qe3 49. Qxc7 d3 50. Qd8+ Kf7 51. Qd7+ Kf6 52. Qd8+ Ke5 53. Qh8+ Ke4 54. Qh7+ Kd4 55. Qxh5 d2 0-1


[Site "https://www.chess.com"]